 Dungeon Crawl Stone Soup version 0.26-a0-946-g9485abf61d (webtiles) character file.

Game seed: 14486903913216712693

720 PentaManta the Ruffian (level 7, -1/70 HPs)
             Began as a Troll Monk on Nov 28, 2020.
             Killed by divine providence
             ... invoked by an orc priest
              (9 damage)
             ... on level 6 of the Dungeon.
             The game lasted 00:03:31 (1813 turns).

PentaManta the Ruffian (Troll Monk)                 Turns: 1813, Time: 00:03:31

Health: -1/70      AC:  6    Str: 22    XL:     7   Next: 42%
Magic:  6/6        EV: 11    Int:  6    God:
Gold:   313        SH:  0    Dex: 12    Spells: 6/6 levels left

rFire    . . .     SeeInvis .     - Unarmed
rCold    . . .     Faith    .   (no shield)
rNeg     . . .     Spirit   .   a - +0 robe
rPois    .         Reflect  .   (helmet restricted)
rElec    .         Harm     .   (no cloak)
rCorr    .         Rampage  .   (gloves unavailable)
MR       .....                  (boots unavailable)
Stlth    ++........             (no amulet)
HPRegen  0.61/turn              (no ring)
MPRegen  0.10/turn              (no ring)

@: no status effects
A: large, unfitting armour, claws 3, regeneration 1, shaggy fur 1, tough skin 3
a: no special abilities


You were on level 6 of the Dungeon.
You visited 1 branch of the dungeon, and saw 6 of its levels.

You collected 313 gold pieces.

Inventory:

Missiles
 q - a throwing net (quivered)
Armour
 a - a +0 robe (worn)
Jewellery
 l - an uncursed amulet of the acrobat {unknown}
 v - a +4 ring of slaying {unknown}
Wands
 w - a wand of paralysis (4)
Scrolls
 d - 2 scrolls of teleportation {unknown}
 e - a scroll of blinking {unknown}
 i - a scroll of immolation {unknown}
 k - 7 scrolls of identify {unknown}
 o - a scroll of random uselessness {unknown}
 p - a scroll of amnesia {unknown}
 r - 4 scrolls of remove curse {unknown}
 t - a scroll of noise {unknown}
 u - a scroll of enchant weapon {unknown}
Potions
 b - a potion of curing {unknown}
 c - a potion of heal wounds {unknown}
 f - a potion of invisibility {unknown}
 g - a potion of cancellation {unknown}
 h - a potion of magic {unknown}
 j - a potion of resistance
 m - a potion of lignification {unknown}
 n - a potion of degeneration {unknown}
 s - 2 potions of haste {unknown}


   Skills:
 + Level 4.1 Fighting
 + Level 4.1 Dodging
 - Level 1.0 Stealth
 * Level 6.6 Unarmed Combat


You had 6 spell levels left.
You didn't know any spells.
Your spell library was empty.

Dungeon Overview and Level Annotations

Branches:
Dungeon (7/15)
 Temple: D:4-7

Altars:
Kikubaaqudgha
Okawaru
Xom

Shops:
D:6 *

Annotations:
D:2 exclusions: goblin and 1 more exclusion


Innate Abilities, Weirdness & Mutations

You are too large for most types of armour.
You have claws for hands.
Your natural rate of healing is unusually fast.
You are covered in fur. (AC +1)
You have extremely tough skin. (AC +3)


Message History

The orc warrior is moderately wounded.
The orc warrior hits you with a +0 glaive!!
* * * LOW HITPOINT WARNING * * *
You barely miss the orc warrior.
The orc warrior is moderately wounded.
The orc priest looks satisfied for a moment.
The orc warrior barely misses you.
The orc priest calls down the wrath of Beogh upon you.
Pain shoots through your body!
* * * LOW HITPOINT WARNING * * *
The orc priest mumbles some strange prayers to Beogh against you.
Pain shoots through your body!
* * * LOW HITPOINT WARNING * * *
The orc priest calls upon Beogh to heal the orc warrior.
The orc warrior is healed somewhat.
k - 7 scrolls labelled SAEKKE SYGGU (gained 1)
The orc warrior hits you but does no damage.
The orc priest invokes the aid of Beogh against you.
Beogh smites you!
You die...

..#....).#..........###.
..##....<#...##.....#...
#.##......#.......##..#
..##.#...##...........#
..#..#................#
#.#....##......o......#
..#....###.....#......#
..# ....#....o##......#
#.# #.##..J###@.....#
..# #.....###.......#
..######..o##...$.....#
#.#..........o........#
..#...................#
..#.....#.#.#.>.......#
#.###.#.............###
..##. ..#.#.#...#...#
..#. .............


You could see an orc warrior and an orc priest.

Vanquished Creatures
  Sigmund (D:3)
  Edmund (D:4)
  An orc warrior (D:6)
  A sky beast (D:6)
  A quasit (D:3)
  A centaur skeleton (D:3)
  An orc wizard (D:6)
  An iguana (D:7)
  Ijyb (D:4)
  6 adders
  A worm (D:3)
  3 dart slugs (D:2)
  A leopard gecko (D:2)
  5 orcs (D:6)
  7 bats
  3 giant cockroaches (D:2)
  3 goblins
  3 hobgoblins
  2 jackals (D:1)
  2 quokkas
  A frilled lizard (D:1)
  A giant cockroach zombie (D:3)
  7 kobolds
  3 rats
57 creatures vanquished.

Notes
Turn   | Place    | Note
-------+----------+-------------------------------------------
     0 | D:1      | PentaManta the Troll Monk began the quest for the Orb.
     0 | D:1      | Reached XP level 1. HP: 22/22 MP: 0/0
   149 | D:1      | Reached XP level 2. HP: 29/29 MP: 1/1
   185 | D:1      | Found a shimmering altar of Xom.
   636 | D:2      | Reached XP level 3. HP: 36/36 MP: 2/2
   972 | D:2      | Found an iron altar of Okawaru.
  1029 | D:3      | Reached skill level 4 in Unarmed Combat
  1065 | D:3      | Reached XP level 4. HP: 44/44 MP: 3/3
  1157 | D:3      | Noticed Sigmund
  1166 | D:3      | Killed Sigmund
  1167 | D:3      | Reached skill level 5 in Unarmed Combat
  1167 | D:3      | Reached XP level 5. HP: 44/53 MP: 4/4
  1184 | D:3      | Found an ancient bone altar of Kikubaaqudgha.
  1237 | D:3      | Reached XP level 6. HP: 61/61 MP: 5/5
  1501 | D:4      | Noticed Edmund
  1505 | D:4      | Noticed Ijyb
  1512 | D:4      | Paralysed by Ijyb for 2 turns
  1517 | D:4      | Killed Edmund
  1527 | D:4      | Killed Ijyb
  1595 | D:4      | You fall into a shaft and drop 3 floors!
  1605 | D:7      | Reached skill level 6 in Unarmed Combat
  1614 | D:6      | Noticed an orc warrior
  1625 | D:6      | Killed an orc warrior
  1626 | D:6      | Reached XP level 7. HP: 32/70 MP: 6/6
  1706 | D:6      | Found Hemaip's General Store.
  1813 | D:6      | Killed from afar by an orc priest

Illustrated notes

Levels and vault maps discovered:
D:1:      minmay_arrival_five_plusses, layout_loops_ring,
          hangedman_decor_clover_reticule, xom_teletrap_fun
D:2:      layout_rooms, kennysheep_okawaru_gauntlet
D:3:      layout_rooms, lemuel_coloured_pillars_altar, uniq_sigmund
D:4:      layout_basic, marbit_many_paths, gammafunk_ghost_cemetery,
          uniq_menkaure, uniq_ijyb, uniq_edmund
D:6:      minmay_recursive_quarters, layout_cave_pools, old_standard_altar,
          serial_shops, shop_coins, serial_glass, glass_columns_a,
          glass_columns_a, glass_columns_b, glass_columns_a, glass_columns_b,
          glass_columns_a, columned_hall_lemuel, nrook_mini_vaults,
          kennysheep_nub, grunt_tough_drop
D:7:      layout_loops_cross, nicolae_tso_besieged_by_evil, serial_shops, shop,
          uniq_harold

Skill      XL: |  1  2  3  4  5  6  7 |
---------------+----------------------+-----
Unarmed Combat | 4 5 6 |  6.6
Fighting       | 3 4 |  4.1
Dodging        | 3 4 |  4.1
Stealth        | |  1.0

Action                   |  1- 3 |  4- 6 |  7- 9 || total
-------------------------+-------+-------+-------++-------
Melee: Unarmed           |    66 |    66 |    27 ||   159
       Punch             |       |     1 |       ||     1
 Stab: Sleeping          |     4 |     2 |     1 ||     7
Armor: Robe              |    28 |    36 |     7 ||    71
Dodge: Dodged            |    46 |    48 |    12 ||   106

Table legend: (Time is in decaauts)
 A = Elapsed time spent in this place.
 B = Non-inter-level travel time spent in this place.
 C = Inter-level travel time spent in this place.
 D = Time resting spent in this place.
 E = Time spent auto-exploring this place.
 F = Levels seen in this place.
 G = Mean time per level.
                   A        B        C        D        E       F      G
               +--------+--------+--------+--------+--------+-----+--------+
         Total |   1797 |   1710 |     87 |      0 |   1301 |   6 |  299.5 |
       Dungeon |   1797 |   1710 |     87 |      0 |   1301 |   6 |  299.5 |
               +--------+--------+--------+--------+--------+-----+--------+

Top non-repeatable levels by time:
     D:1: 620 daAuts
     D:3: 476 daAuts
     D:2: 396 daAuts
     D:6: 194 daAuts
     D:4: 91 daAuts
     D:7: 18 daAuts
